 Dungeon Crawl Stone Soup version 0.31-a0-920-g28cbb04a8c (webtiles) character file.

Game seed: 3017896086496292933

23762 kae the Jinx (level 12, -4/90 HPs)
             Began as a Demonspawn Enchanter on Oct 17, 2023.
             Was a High Priest of Dithmenos.
             Slain by Urug
             ... wielding a +5 glaive of flaming
              (20 damage)
             ... on level 13 of the Dungeon.
             The game lasted 00:18:41 (16060 turns).

kae the Jinx (Demonspawn Enchanter)                Turns: 16060, Time: 00:18:42

Health: -4/90      AC: 17    Str:  9    XL:     12   Next: 74%
Magic:  16/23      EV:  8    Int: 21    God:    Dithmenos [*****.]
Gold:   793        SH:  0    Dex: 14    Spells: 10/26 levels left

rFire   x . .        j - +1 short sword (venom)
rCold   + + +        (no shield)
rNeg    . . .        n - +0 ice dragon scales
rPois   .            Q - +2 helmet
rElec   .            I - +2 cloak
rCorr   .            (gloves unavailable)
SInv    .            (no boots)
Will    .....        g - amulet of regeneration
Stlth   ++++         c - ring of protection from cold
HPRegen 1.15/turn    S - ring of protection from cold
MPRegen 0.18/turn

%: no passive effects
@: wreathed by umbra
A: rugged brown scales 2, spiny 1, demonic magic 1, demonic touch 3
a: Renounce Religion, Shadow Step, Shadow Form


You were on level 13 of the Dungeon.
You worshipped Dithmenos.
Dithmenos was extremely pleased with you.
You visited 2 branches of the dungeon, and saw 14 of its levels.
You also visited: Ice Cave.

You collected 1401 gold pieces.
You spent 608 gold pieces at shops.


Innate Abilities, Weirdness & Mutations

You are mostly covered in rugged brown scales. (AC +2, +5% HP)
You are partially covered in sharp spines.
Spells you cast may paralyse adjacent enemies.
Your touch may irresistibly damage your foes and sap their willpower.


   Skills:
 + Level 5.5 Fighting
 * Level 10.9 Short Blades
 + Level 0.8 Armour
 + Level 5.4 Dodging
 + Level 8.6 Stealth
 + Level 7.9 Spellcasting
 * Level 12.1 Hexes


You had 10 spell levels left.
You knew the following spells:

 Your Spells              Type           Power      Damage    Failure   Level
a - Ensorcelled Hibernat  Hex/Ice        66%        N/A       13%         2
b - Confusing Touch       Hex            56%        N/A       2%          3
c - Tukima's Dance        Hex            56%        N/A       2%          3
d - Dazzling Flash        Conj/Hex       66%        N/A       26%         3
e - Jinxbite              Hex            100%       N/A       1%          2
f - Summon Guardian Gole  Hex/Summ       33%        N/A       26%         3

Your spell library contained the following spells:

 Spells                   Type           Power      Damage    Failure   Level
 Apportation              Tloc           16%        N/A       71%         1
 Shock                    Conj/Air       32%        1d5       71%         1
 Summon Small Mammal      Summ           32%        N/A       71%         1
 Poisonous Vapours        Pois/Air       16%        N/A       85%         2
 Call Canine Familiar     Summ           8%         N/A       97%         3
 Mephitic Cloud           Conj/Pois/Air  8%         N/A       97%         3
 Swiftness                Air            8%         N/A       97%         3
 Airstrike                Air            4%         2d(1-17)  100%        4
 Brom's Barrelling Bould  Conj/Erth      8%         2d3       100%        4
 Manifold Assault         Tloc           8%         N/A       100%        4
 Alistair's Intoxication  Tmut/Pois      5%         N/A       100%        5
 Fireball                 Conj/Fire      4%         3d4       100%        5
 Freezing Cloud           Conj/Ice/Air   4%         6-21      100%        5
 Iskenderun's Battlesphe  Conj           8%         2d6       100%        5
 Conjure Ball Lightning   Conj/Air       4%         3x3d6     100%        6
 Dispersal                Tloc           4%         N/A       100%        6
 Orb of Destruction       Conj           4%         9d5       100%        7
 Disjunction              Tloc           4%         N/A       100%        8

Inventory:

Hand Weapons
 j - a +1 short sword of venom (weapon)
   (You took it off a kobold on level 2 of the Dungeon)
 H - a +1 dagger of venom
   (You took it off Dowan on level 7 of the Dungeon)
 O - a +4 dagger
   (You took it off a kobold brigand on level 8 of the Dungeon)
Missiles
 a - 15 stones
Armour
 n - +0 ice dragon scales (worn)
   (You found it in an ice cave)
 I - a +2 cloak (worn)
   (You bought it in a shop on level 8 of the Dungeon)
 Q - a +2 helmet (worn)
   (You found it on level 9 of the Dungeon)
 V - the +0 leather armour of Pessimism {rPois Int+3}
   (You bought it in a shop on level 12 of the Dungeon)

   Int+3:     It affects your intelligence (+3).
   rPois:     It protects you from poison
Jewellery
 c - a ring of protection from cold (left hand)
   (You took it off a centaur on level 8 of the Dungeon)
 g - an amulet of regeneration (around neck)
   (You found it on level 12 of the Dungeon)
 D - a +6 ring of dexterity
   (You found it on level 3 of the Dungeon)
 S - a ring of protection from cold (right hand)
   (You found it on level 11 of the Dungeon)
 Z - a ring of wizardry
   (You found it on level 6 of the Dungeon)
Wands
 F - a wand of polymorph (11)
   (You found it on level 6 of the Dungeon)
 N - a wand of paralysis (12)
   (You took it off a gnoll on level 8 of the Dungeon)
 R - a wand of flame (20)
   (You found it on level 11 of the Dungeon)
 U - a wand of mindburst (7)
   (You found it on level 12 of the Dungeon)
Scrolls
 b - a scroll of enchant armour
 i - 3 scrolls of fog
 q - a scroll of revelation
 r - 3 scrolls of amnesia
 y - 3 scrolls of blinking {!r}
 B - a scroll of vulnerability {!r!r}
 E - 3 scrolls of teleportation {@r4}
 J - a scroll of immolation {!r!r}
 L - a scroll of enchant weapon
Potions
 d - 6 potions of heal wounds {@q2}
 e - 6 potions of might
 o - 7 potions of curing {@q1}
 s - 3 potions of enlightenment
 t - 2 potions of cancellation
 u - 4 potions of magic {unknown}
 w - 2 potions of invisibility
 x - 2 potions of brilliance
 z - 2 potions of degeneration {!q}
 M - a potion of haste {@q3}
 P - a potion of mutation {!q}
 W - 2 potions of lignification {!q}
Miscellaneous
 X - a tin of tremorstones (2/2)
   (You found it in an ice cave)
 Y - a phial of floods
   (You found it in an ice cave)

Dungeon Overview and Level Annotations

Branches:
Dungeon (13/15) Zot: 26221  Temple (1/1) D:5 Zot: 5943    Lair (0/5) D:8
    Orc (0/2) D:11         Vaults (0/5) D:13          IceCv (visited)

Altars:
Ashenzari
Cheibriados
Dithmenos
Fedhas
Gozag
Hepliaklqana
Kikubaaqudgha
Makhleb
Nemelex Xobeh
Okawaru
Qazlal
Ru
Sif Muna
Trog
Uskayaw
Vehumet
Wu Jian
Xom
Yredelemnul

Shops:
D:8 ([:!   D:12 *

Portals:
Abyss: D:12

Annotations:
D:11 2 transporters, Vorhees's ghost, journeyman MiCK
D:12 2 transporters, Foakkow's ghost, journeyman MiFi
D:13 Urug

*,,,,,,,,,,,,,,,########....####
*,,,,,,,..****#.#...............
*,****,,..#####"#...............
*,,,,,,,.$§.<...#...............
*,,,,,,,........#...............
*,,,,,,,........#...............
*,,,,,,,.....§§§################
*,,,,,,,.....§o§§§..............
*,,*,,,,.....§§@§§..............
*,,*,,,,.####.§§§§..............
*,,*,,,,,* #.§§§§..#..####.....
*,,,,,,,,* #...)...#..####.....
*,,,,,,,,* #.......#..####.....
*,,,,,,,,* #.......#...........
*,,,,,,,,***#...................
*,,,,,,,,,,.....................
**********######################


You could see Urug (very poisoned).


Message History

Dithmenos accepts your kill.
No target in view!
Things that are here:
a +0 leather armour; a +0 great mace You see here a +0 shortbow.
Key pressed, stopping explore.
b - a scroll of enchant armour No target in view!
No target in view! 😎 HP[+2]
Your hp is fully restored (90).
There is an open door here.
a - 15 stones (gained 6)
There is an open door here.
A centaur warrior comes into view.
A centaur warrior is nearby!
A centaur warrior is nearby!
A centaur warrior is nearby!
No target in view!
Found a stone staircase leading up.
The centaur warrior shouts!
The centaur warrior wields a +0 orcbow.
The centaur warrior shoots an arrow.
The arrow hits you but does no damage.
Urug the Orcish Ballista comes into view.
She is wielding a +5 glaive of flaming, wearing a +4 chain mail of positive energy and quivering silver javelins.
The centaur warrior unwields a +0 orcbow.
The centaur warrior is struck by your spines.
The centaur warrior barely misses you.
The centaur warrior completely misses you.
Casting: Ensorcelled Hibernation (safe; 13% risk of failure)
Confirm with . or Enter, or press ? or * to list all spells.
Aiming: Ensorcelled Hibernation (safe; 13% risk of failure)
Press: ? - help, Shift-Dir - straight line, f - centaur warrior
Aim: a centaur warrior (lightly wounded, umbra, chance to affect: 45%)
The centaur warrior looks drowsy...
Malevolent energies surge around you.
Your shadow mimics your spell!
The centaur warrior is unaffected.
Urug shouts! 😎 MP[-2]
You lost 2 mp, and now have 21/23 mp.
The helpless centaur warrior fails to defend itself.
You spit the centaur warrior like a pig!!!
You kill the centaur warrior!
Dithmenos accepts your kill.
Urug hits you with a +5 glaive of flaming!
Urug burns you!
A deep elf pyromancer comes into view. It is wielding a +0 dagger. 😕 HP[-21]
You take 21 damage, and now have 69/90 hp.
MASSIVE DAMAGE!! (PAUSE)
Casting: Ensorcelled Hibernation (safe; 13% risk of failure)
Confirm with . or Enter, or press ? or * to list all spells.
Aiming: Ensorcelled Hibernation (safe; 13% risk of failure)
Press: ? - help, Shift-Dir - straight line, f - Urug
Aim: Urug, wielding a +5 glaive of flaming, wearing a +4 chain mail of positive energy and quivering silver javelins (umbra, chance to affect: 45%) Urug resists with some effort.
Malevolent energies surge around you.
Your shadow mimics your spell!
Urug easily resists.
The deep elf pyromancer shouts!
Urug hits you with a +5 glaive of flaming!!
* * * LOW HITPOINT WARNING * * *
You emit a cloud of dark smoke.
Urug burns you!
* * * LOW HITPOINT WARNING * * *
😨 HP[-36] MP[-2]
You take 36 damage, and now have 33/90 hp.
MASSIVE DAMAGE!! (PAUSE)
You lost 2 mp, and now have 19/23 mp.
Casting: Ensorcelled Hibernation (safe; 13% risk of failure)
Confirm with . or Enter, or press ? or * to list all spells.
Aiming: Ensorcelled Hibernation (safe; 13% risk of failure)
Press: ? - help, Shift-Dir - straight line, f/p - Urug
Aim: Urug, wielding a +5 glaive of flaming, wearing a +4 chain mail of positive energy and quivering silver javelins (black smoke, umbra, chance to affect: 45%) Urug resists with some effort.
Malevolent energies surge around you.
Urug hits you with a +5 glaive of flaming!
* * * LOW HITPOINT WARNING * * *
Urug burns you.
* * * LOW HITPOINT WARNING * * *
😱 HP[-19] MP[-1]
You take 19 damage, and now have 14/90 hp.
MASSIVE DAMAGE!! (PAUSE)
You lost 1 mp, and now have 18/23 mp.
Casting: Ensorcelled Hibernation (safe; 13% risk of failure)
Confirm with . or Enter, or press ? or * to list all spells.
Aiming: Ensorcelled Hibernation (safe; 13% risk of failure)
Press: ? - help, Shift-Dir - straight line, f/p - Urug
Aim: Urug, wielding a +5 glaive of flaming, wearing a +4 chain mail of positive energy and quivering silver javelins (black smoke, umbra, chance to affect: 45%) Urug looks drowsy...
Malevolent energies surge around you.
The deep elf pyromancer gestures wildly while chanting.
The deep elf pyromancer blinks! 😱 HP[+1] MP[-2]
You lost 2 mp, and now have 16/23 mp.
Unknown command.
The helpless Urug fails to defend herself.
You skewer Urug like a kebab!!! Your touch misses Urug.
Your shadow hits Urug but does no damage. 😱 HP[+1] Unknown command.
You hit Urug but do no damage.
Urug is poisoned.
Urug hits you with a +5 glaive of flaming!!
You die...
Urug screams, "Revenge at last!"

Skill      XL: |  1  2  3  4  5  6  7  8  9 10 11 12 |
---------------+-------------------------------------+-----
Short Blades   | 1 2 3 4 5 6 7 8 10 | 10.9
Stealth        | 3 4 5 6 7 8 |  8.6
Hexes          | 4 5 6 7 9 10 11 12 | 12.1
Spellcasting   | 3 4 5 6 7 |  7.9
Dodging        | 3 4 5 |  5.4
Fighting       | 2 4 5 |  5.5
Armour         | |  0.8

Action                     |  1- 3 |  4- 6 |  7- 9 | 10-12 || total
---------------------------+-------+-------+-------+-------++-------
  Melee: Dagger            |    48 |       |       |       ||    48
         Short sword       |    31 |   167 |   294 |   615 ||  1107
         Touch             |     9 |    37 |    51 |   134 ||   231
         Punch             |       |     1 |     3 |     8 ||    12
   Cast: Ensorcelled Hiber |       |    10 |    32 |    51 ||    93
         Confusing Touch   |       |     2 |    13 |    24 ||    39
         Summon Guardian G |       |       |     1 |     1 ||     2
         Tukima's Dance    |       |       |     3 |       ||     3
         Jinxbite          |       |       |       |     3 ||     3
  Evoke: Wand              |       |       |     4 |     8 ||    12
    Use: Scroll            |     2 |     8 |     3 |     5 ||    18
         Potion            |     2 |       |       |     2 ||     4
   Stab: Sleeping          |    10 |     9 |    35 |    70 ||   124
         Paralysed         |       |     7 |    25 |    25 ||    57
         Confused          |       |     1 |     6 |    11 ||    18
         Distracted        |       |     1 |     1 |     2 ||     4
 Armour: Robe              |    41 |    62 |   145 |   134 ||   382
         Leather armour    |       |       |       |    60 ||    60
         Ice dragon scales |       |       |       |    47 ||    47
         Skin              |       |       |       |     3 ||     3
  Dodge: Dodged            |    39 |    78 |   173 |   298 ||   588

Levels and vault maps discovered:
D:1:      lightli_arrival_statuegarden, layout_loops_ring,
          chequers_ecumenical_altar_lobes, minmay_tromino_v2
D:2:      layout_rooms
D:3:      cheibrodos_helix_gallery, layout_loops_cross,
          nicolae_hepliaklqana_monster_ancestors, serial_glass, glass_columns_c,
          glass_columns_a, minmay_vboxes
D:4:      layout_loops_corners, kiku_gazebo_pond_becter, serial_undead,
          serial_undead_b, serial_undead_b, serial_undead_b, serial_undead_c,
          serial_undead_a, serial_undead_b, sigmund_edmund_badplayer,
          uniq_grinder
D:5:      layout_gridville, minmay_temple_entry_grid
D:6:      minmay_goblin_kobold_castle, layout_basic, bloody_trog,
          minmay_strange_pillars, hellmonk_no_cap
D:7:      layout_gridville, chequers_temple_overflow_statue_of_worship,
          uniq_maggie, uniq_duvessa, uniq_jeremiah
D:8:      layout_loops_ring, erik_lair_island, serial_shops, shop, shop, shop,
          nicolae_shop_stone, shop
D:9:      layout_basic
D:10:     layout_stronghold, cheibriados_altar_1, lemuel_doored_altar,
          ashenzari_conservatory_becter, minmay_misc_feat_iff, uniq_lodul
D:11:     layout_loops_corners, zombieorc1_lemuel,
          gammafunk_ghost_berserking_beasts
D:12:     layout_loops_corners, gammafunk_ghost_abyssal_escape, serial_shops,
          nicolae_shop_overgrown_old_shop, st_stairs_2
D:13:     layout_stronghold, skrybe_vaults_entry_preservation,
          portal_ice_cave_demonic_guard, minmay_lizard_king, uniq_urug
Temple:   oiseaux_autumnal_temple

Notes
Turn   | Place    | Note
-------+----------+-------------------------------------------
     0 | D:1      | kae the Demonspawn Enchanter began the quest for the Orb.
     0 | D:1      | Reached XP level 1. HP: 13/13 MP: 3/3
     0 | D:1      | magus.rc [v1.11.3]
    86 | D:1      | Reached skill level 1 in Short Blades
    94 | D:1      | Found a faded altar of an unknown god.
   260 | D:1      | Gained mutation: Your touch may inflict minor irresistible
                  | damage on your foes. [demonic ancestry]
   260 | D:1      | Reached XP level 2. HP: 10/19 MP: 5/5
   265 | D:1      | HP: 3/19 [kobold/+0 whip (2)]
   267 | D:1      | HP: 1/19 [kobold/+0 whip (3)]
   653 | D:1      | You pick up a book of Callings and begin reading...
   653 | D:1      | You add the spells Summon Small Mammal, Call Canine
                  | Familiar and Summon Guardian Golem to your library.
   783 | D:1      | Learned a level 2 spell: Ensorcelled Hibernation
  1002 | D:2      | Gained mutation: You are partially covered in rugged brown
                  | scales. (AC +1, +3% HP) [demonic ancestry]
  1002 | D:2      | Reached XP level 3. HP: 17/24 MP: 6/6
  1045 | D:2      | Reached skill level 3 in Stealth
  1120 | D:2      | Reached skill level 2 in Short Blades
  1129 | D:2      | Gained mutation: Spells you cast may paralyse adjacent
                  | enemies. [demonic ancestry]
  1129 | D:2      | Reached XP level 4. HP: 24/30 MP: 7/7
  1529 | D:3      | Reached skill level 4 in Hexes
  1532 | D:3      | Gained mutation: You are mostly covered in rugged brown
                  | scales. (AC +2, +5% HP) [demonic ancestry]
  1532 | D:3      | Reached XP level 5. HP: 20/34 MP: 3/8
  1623 | D:3      | Noticed an ice beast
  1762 | D:3      | Learned a level 3 spell: Confusing Touch
  1766 | D:3      | Learned a level 3 spell: Tukima's Dance
  1894 | D:3      | Killed an ice beast
  1895 | D:3      | Reached skill level 3 in Short Blades
  1938 | D:3      | Reached skill level 3 in Spellcasting
  1983 | D:3      | Gained mutation: Your touch may inflict irresistible damage
                  | on your foes. [demonic ancestry]
  1983 | D:3      | Reached XP level 6. HP: 43/43 MP: 10/10
  2055 | D:3      | Noticed a steam dragon
  2065 | D:3      | Killed a steam dragon
  2242 | D:3      | Found a hazy altar of Hepliaklqana.
  2553 | D:4      | Reached skill level 5 in Hexes
  2755 | D:4      | Noticed Grinder
  2776 | D:4      | Killed Grinder
  2777 | D:4      | Reached skill level 4 in Short Blades
  2777 | D:4      | Reached skill level 4 in Stealth
  2777 | D:4      | Reached XP level 7. HP: 26/48 MP: 9/12
  3049 | D:4      | You pick up a book of Vapours and begin reading...
  3049 | D:4      | You add the spells Poisonous Vapours, Mephitic Cloud and
                  | Freezing Cloud to your library.
  3191 | D:4      | Found an ancient bone altar of Kikubaaqudgha.
  3312 | D:4      | HP: 12/48 [centaur zombie (2)]
  3327 | D:4      | Reached skill level 6 in Hexes
  3468 | D:4      | Noticed Sigmund
  3475 | D:4      | Noticed Edmund
  3497 | D:4      | Killed Sigmund
  3498 | D:4      | Reached skill level 5 in Short Blades
  3498 | D:4      | Reached skill level 4 in Spellcasting
  3498 | D:4      | Reached XP level 8. HP: 38/54 MP: 8/14
  3694 | D:4      | Killed Edmund
  4035 | D:5      | Entered Level 5 of the Dungeon
  4359 | D:5      | Found a staircase to the Ecumenical Temple.
  4368 | Temple   | Entered the Ecumenical Temple
  4396 | Temple   | Became a worshipper of Dithmenos the Shadowed
  4460 | D:5      | Reached skill level 5 in Stealth
  4909 | D:5      | Reached skill level 7 in Hexes
  4994 | D:5      | Noticed a hornet
  5001 | D:5      | Killed a hornet
  5002 | D:5      | Reached skill level 6 in Short Blades
  5005 | D:5      | HP: 13/54 [poisoned by a hornet]
  5163 | D:5      | You pick up a book of Party Tricks and begin reading...
  5163 | D:5      | You add the spells Apportation, Jinxbite and Alistair's
                  | Intoxication to your library.
  5286 | D:6      | Learned a level 3 spell: Dazzling Flash
  5289 | D:6      | Learned a level 2 spell: Jinxbite
  5293 | D:6      | Learned a level 3 spell: Summon Guardian Golem
  5517 | D:6      | Found a bloodstained altar of Trog.
  5585 | D:6      | Reached XP level 9. HP: 45/59 MP: 9/16
  6167 | D:6      | Reached skill level 5 in Spellcasting
  6311 | D:6      | Reached skill level 8 in Hexes
  6386 | D:6      | Reached * piety under Dithmenos
  6568 | D:6      | Reached skill level 7 in Short Blades
  6915 | D:6      | Reached ** piety under Dithmenos
  6916 | D:6      | Reached skill level 6 in Stealth
  7735 | D:7      | Found a stormy altar of Qazlal.
  7830 | D:7      | Noticed Jeremiah
  7866 | D:7      | Noticed Dowan
  7867 | D:7      | Killed Jeremiah
  7868 | D:7      | Reached skill level 9 in Hexes
  7868 | D:7      | Noticed Duvessa
  7885 | D:7      | Killed Dowan
  7886 | D:7      | Gained mutation: Your touch may irresistibly damage your
                  | foes and sap their willpower. [demonic ancestry]
  7886 | D:7      | Reached XP level 10. HP: 59/66 MP: 18/18
  7967 | D:8      | Found Eseuryz's Antique Armour Emporium.
  7971 | D:8      | Bought a runed cloak for 172 gold pieces
  7999 | D:7      | Identified the amulet "Cekhliuwk" {Faith Drain rF++ Dex+3}
  8039 | D:7      | Duvessa changed into Duvessa the wolf
  8039 | D:7      | Noticed Duvessa
  8045 | D:7      | Killed Duvessa the wolf
  8182 | D:7      | Noticed Maggie
  8189 | D:7      | Killed Maggie
  8190 | D:7      | Reached skill level 8 in Short Blades
  8419 | D:8      | Reached *** piety under Dithmenos
  8649 | D:8      | Reached skill level 2 in Dodging
  8649 | D:8      | Reached skill level 6 in Spellcasting
  8650 | D:8      | Found a staircase to the Lair.
  8675 | D:8      | Reached skill level 1 in Fighting
  9342 | D:8      | Found Womirof's General Store.
  9549 | D:8      | Found Plog's Distillery.
  9559 | D:8      | Bought a potion of mutation for 128 gold pieces
  9616 | D:8      | Found Onuqyuz's Book Emporium.
  9713 | D:8      | Found Vyedump's Antique Weapon Boutique.
  9763 | D:8      | Reached skill level 2 in Fighting
  9916 | D:9      | Reached skill level 7 in Stealth
 10147 | D:9      | Reached skill level 10 in Hexes
 10221 | D:9      | Reached **** piety under Dithmenos
 10222 | D:9      | Reached skill level 3 in Dodging
 10489 | D:10     | Entered Level 10 of the Dungeon
 10681 | D:10     | Found a broken altar of Ashenzari.
 10701 | D:10     | Noticed a gargoyle
 10709 | D:10     | Killed a gargoyle
 10710 | D:10     | Gained mutation: You are partially covered in sharp spines.
                  | [demonic ancestry]
 10710 | D:10     | Reached XP level 11. HP: 66/77 MP: 16/20
 10761 | D:10     | Paralysed by an orc for 5 turns
 10878 | D:10     | You pick up a book of the Warp and begin reading...
 10878 | D:10     | You add the spells Manifold Assault, Dispersal and
                  | Disjunction to your library.
 11039 | D:10     | You pick up a book of Air and begin reading...
 11039 | D:10     | You add the spells Shock, Swiftness and Airstrike to your
                  | library.
 11043 | D:10     | Found a snail-covered altar of Cheibriados.
 11142 | D:10     | Reached skill level 9 in Short Blades
 11286 | D:10     | Found a basalt altar of Yredelemnul.
 11310 | D:10     | Noticed Lodul
 11340 | D:10     | Killed Lodul
 11341 | D:10     | Reached skill level 3 in Fighting
 11728 | D:11     | Found a transporter.
 11747 | D:11     | Noticed a four-headed hydra
 11748 | D:11     | Noticed Vorhees's ghost (journeyman MiCK)
 11765 | D:11     | Found a transporter.
 11848 | D:11     | Found a staircase to the Orcish Mines.
 11906 | D:11     | Reached ***** piety under Dithmenos
 12980 | D:12     | Noticed a large abomination
 12987 | D:12     | Noticed a hell hog
 12987 | D:12     | Noticed a cyan ugly thing
 13000 | D:12     | Found a transporter.
 13001 | D:12     | Noticed a purple very ugly thing
 13153 | D:12     | Reached skill level 4 in Dodging
 13186 | D:12     | Noticed an orc knight
 13187 | D:12     | Found a transporter.
 13246 | D:12     | Reached skill level 7 in Spellcasting
 13276 | D:12     | Reached skill level 4 in Fighting
 13276 | D:12     | Reached skill level 11 in Hexes
 13519 | D:12     | Found Ezihawka's Assorted Antiques.
 13535 | D:12     | Bought a scroll of identify for 56 gold pieces
 13535 | D:12     | Bought a scroll of identify for 56 gold pieces
 13542 | D:12     | Bought a spiked leather armour for 196 gold pieces
 13542 | D:12     | Identified the +0 leather armour of Pessimism {rPois Int+3}
                  | (You bought it in a shop on level 12 of the Dungeon)
 13755 | D:12     | Noticed a red ugly thing
 13764 | D:12     | Killed a red ugly thing
 13840 | D:12     | Found a one-way gate to the infinite horrors of the Abyss.
 13840 | D:12     | Noticed a rakshasa
 13841 | D:12     | Noticed Foakkow's ghost (journeyman MiFi)
 14030 | D:13     | Noticed a centaur warrior
 14036 | D:13     | Killed a centaur warrior
 14037 | D:13     | Reached skill level 10 in Short Blades
 14037 | D:13     | Reached skill level 8 in Stealth
 14044 | D:13     | Reached XP level 12. HP: 78/88 MP: 18/22
 14129 | D:13     | Found a gate to the Vaults.
 14129 | D:13     | Noticed a centaur warrior
 14129 | D:13     | Noticed an ogre mage
 14129 | D:13     | Noticed an ironbound preserver
 14137 | D:13     | Killed a centaur warrior
 14141 | D:13     | Killed an ironbound preserver
 14146 | D:13     | Killed an ogre mage
 14171 | D:13     | Found a frozen archway.
 14239 | IceCv    | Entered an ice cave
 14337 | IceCv    | HP: 21/89 [dire elephant simulacrum (20)]
 14350 | IceCv    | Reached skill level 5 in Fighting
 14593 | IceCv    | Reached skill level 5 in Dodging
 15342 | IceCv    | Reached skill level 12 in Hexes
 15613 | D:13     | You pick up a book of the Spheres and begin reading...
 15613 | D:13     | You add the spells Brom's Barrelling Boulder, Iskenderun's
                  | Battlesphere, Fireball, Conjure Ball Lightning and Orb of
                  | Destruction to your library.
 15785 | D:13     | Noticed a tengu warrior
 15792 | D:13     | Killed a tengu warrior
 16045 | D:13     | Noticed a centaur warrior
 16051 | D:13     | Noticed Urug
 16053 | D:13     | Killed a centaur warrior
 16057 | D:13     | HP: 20/90 [Urug/+5 glaive of flaming (14)]
 16060 | D:13     | Slain by Urug

Vanquished Creatures
  An ironbound preserver (D:13)
  An ogre mage (D:13)
  3 centaur warriors (D:13)
  A tengu warrior (D:13)
  Lodul (D:10)
  2 bog bodies (IceCv)
  A deep elf pyromancer (D:13)
  An ugly thing (D:12)
  2 cyclopes
  A manticore (D:12)
  An ice statue (IceCv)
  Maggie (D:7)
  A gargoyle (D:10)
  3 komodo dragons
  Jeremiah (D:7)
  2 unseen horrors (D:12)
  3 ice devils
  A kobold demonologist (D:11)
  3 trolls
  A hornet (D:5)
  Grinder (D:4)
  6 slime creatures
  Sigmund (D:4)
  2 vampires
  4 wraiths
  3 wyverns
  6 yaks
  A dire elephant simulacrum (IceCv)
  A basilisk (D:13)
  A golden eye (shapeshifter) (D:13)
  5 vampire mosquitoes (D:12)
  A steam dragon (D:3)
  3 death yak simulacra (IceCv)
  Edmund (D:4)
  2 water moccasins
  2 hydra simulacra (IceCv)
  2 orc warriors
  A sky beast (D:7)
  4 ice beasts
  7 ogres
  3 wolves
  A centaur (D:8)
  4 phantoms
  5 kobold brigands
  6 bullfrogs
  2 gnoll sergeants
  2 cane toad simulacra (IceCv)
  2 scorpions (D:5)
  3 two-headed ogre simulacra (IceCv)
  A water moccasin zombie (D:4)
  3 wights (D:6)
  2 troll zombies (D:11)
  Dowan (D:7)
  An elephant simulacrum (IceCv)
  12 killer bees
  9 electric eels
  7 howler monkeys
  A gnoll bouda (D:8)
  A centaur zombie (D:4)
  4 jellies
  A centaur skeleton (D:4)
  5 orc priests
  6 hounds
  2 bullfrog skeletons (D:4)
  3 sleepcaps
  4 iguanas
  A scorpion zombie (D:4)
  6 troll simulacra (IceCv)
  12 orc wizards
  5 spriggan simulacra (IceCv)
  3 polar bear simulacra (IceCv)
  3 wolf simulacra (IceCv)
  4 ogre zombies (D:11)
  A hound zombie (D:4)
  A hound skeleton (D:4)
  26 gnolls
  5 adders
  7 naga simulacra (IceCv)
  2 shadow imps
  7 white imps
  5 ufetubi (IceCv)
  2 adder zombies (D:4)
  4 adder skeletons (D:4)
  4 worms
  3 dart slugs
  31 orcs
  9 bats
  10 endoplasms
  4 giant cockroaches
  2 gnoll zombies (D:11)
  13 goblins
  9 hobgoblins
  44 kobolds
  3 quokkas
  3 ball pythons
  7 frilled lizards
  A gnoll skeleton (D:11)
  16 orc zombies (D:11)
  A quokka skeleton (D:4)
  2 quokka zombies (D:4)
  5 rats
  A spectral goblin (D:3)
438 creatures vanquished.

Vanquished Creatures (others)
  A dancing weapon (D:6)
  A jelly (D:6)
  A goblin (D:3)
  6 kobolds
9 creatures vanquished.

Grand Total: 447 creatures vanquished

Table legend:
 A = Non-vault XP
 B = Vault XP
 C = Vault XP percentage of total XP
 D = Non-vault monster count
 E = Vault monster count
 F = Vault count percentage of total count
                 A         B        C        D         E       F
            +---------+---------+-------+---------+---------+-------
      Total |   17804 |   16143 |  47.6 |     240 |     200 |  45.5
            +---------+---------+-------+---------+---------+-------
        D:1 |      26 |       2 |   7.1 |      15 |       1 |   6.2
        D:2 |     110 |       0 |   0.0 |      19 |       0 |   0.0
        D:3 |     232 |     210 |  47.5 |      27 |      11 |  28.9
        D:4 |     171 |    1023 |  85.7 |      20 |      20 |  50.0
        D:5 |     966 |       0 |   0.0 |      17 |       0 |   0.0
        D:6 |    1356 |     562 |  29.3 |      26 |      50 |  65.8
        D:7 |     971 |     963 |  49.8 |      15 |       4 |  21.1
        D:8 |    1900 |     716 |  27.4 |      28 |       7 |  20.0
        D:9 |    1175 |       0 |   0.0 |      15 |       0 |   0.0
       D:10 |    1508 |    1399 |  48.1 |      14 |       7 |  33.3
       D:11 |    1570 |     687 |  30.4 |      12 |      28 |  70.0
       D:12 |    4919 |     207 |   4.0 |      23 |       2 |   8.0
       D:13 |    2900 |    6032 |  67.5 |       9 |      21 |  70.0
      IceCv |       0 |    4342 | 100.0 |       0 |      49 | 100.0
            +---------+---------+-------+---------+---------+-------

Skill      XL: |  1  2  3  4  5  6  7  8  9 10 11 12 |
---------------+-------------------------------------+-----
Short Blades   | 1 2 3 4 5 6 7 8 10 | 10.9
Stealth        | 3 4 5 6 7 8 |  8.6
Hexes          | 4 5 6 7 9 10 11 12 | 12.1
Spellcasting   | 3 4 5 6 7 |  7.9
Dodging        | 3 4 5 |  5.4
Fighting       | 2 4 5 |  5.5
Armour         | |  0.8

Action                     |  1- 3 |  4- 6 |  7- 9 | 10-12 || total
---------------------------+-------+-------+-------+-------++-------
  Melee: Dagger            |    48 |       |       |       ||    48
         Short sword       |    31 |   167 |   294 |   615 ||  1107
         Touch             |     9 |    37 |    51 |   134 ||   231
         Punch             |       |     1 |     3 |     8 ||    12
   Cast: Ensorcelled Hiber |       |    10 |    32 |    51 ||    93
         Confusing Touch   |       |     2 |    13 |    24 ||    39
         Summon Guardian G |       |       |     1 |     1 ||     2
         Tukima's Dance    |       |       |     3 |       ||     3
         Jinxbite          |       |       |       |     3 ||     3
  Evoke: Wand              |       |       |     4 |     8 ||    12
    Use: Scroll            |     2 |     8 |     3 |     5 ||    18
         Potion            |     2 |       |       |     2 ||     4
   Stab: Sleeping          |    10 |     9 |    35 |    70 ||   124
         Paralysed         |       |     7 |    25 |    25 ||    57
         Confused          |       |     1 |     6 |    11 ||    18
         Distracted        |       |     1 |     1 |     2 ||     4
 Armour: Robe              |    41 |    62 |   145 |   134 ||   382
         Leather armour    |       |       |       |    60 ||    60
         Ice dragon scales |       |       |       |    47 ||    47
         Skin              |       |       |       |     3 ||     3
  Dodge: Dodged            |    39 |    78 |   173 |   298 ||   588

Illustrated notes

Table legend:
 A = Kills in this place as a percentage of kills in the entire game.
 B = Kills by you in this place as a percentage of kills by you in the entire game.
 C = Kills by friends in this place as a percentage of kills by friends in the entire game.
 D = Other kills in this place as a percentage of other kills in the entire game.
 E = Experience gained in this place as a percentage of experience gained in the entire game.
 F = Experience gained in this place divided by the number of levels of this place that you have seen.
                   A       B       C       D       E      F
               +-------+-------+-------+-------+-------+----------------------
         Total | 100.0 | 100.0 |   N/A | 100.0 | 100.0 | 2263.1
       Dungeon |  88.9 |  88.8 |   N/A | 100.0 |  87.2 | 2277.3
      Ice Cave |  11.1 |  11.2 |   N/A |   0.0 |  12.8 | 4342.0
               +-------+-------+-------+-------+-------+----------------------

Table legend: (Time is in decaauts)
 A = Elapsed time spent in this place.
 B = Non-inter-level travel time spent in this place.
 C = Inter-level travel time spent in this place.
 D = Time resting spent in this place.
 E = Time spent auto-exploring this place.
 F = Levels seen in this place.
 G = Mean time per level.
                   A        B        C        D        E       F      G
               +--------+--------+--------+--------+--------+-----+--------+
         Total |  15700 |  15103 |    597 |   1524 |  10651 |  15 | 1046.7 |
       Dungeon |  14430 |  13889 |    541 |   1368 |   9880 |  13 | 1110.0 |
        Temple |     56 |      1 |     55 |      0 |      0 |   1 |   56.0 |
      Ice Cave |   1213 |   1213 |      0 |    155 |    770 |   1 | 1213.0 |
               +--------+--------+--------+--------+--------+-----+--------+

Top non-repeatable levels by time:
     D:6: 2285 daAuts
     D:8: 1552 daAuts
     D:4: 1500 daAuts
     D:5: 1259 daAuts
   IceCv: 1213 daAuts
    D:10: 1208 daAuts
    D:12: 1185 daAuts
     D:3: 1070 daAuts
    D:11: 995 daAuts
     D:1: 808 daAuts
    D:13: 777 daAuts
     D:2: 606 daAuts
     D:9: 598 daAuts
     D:7: 581 daAuts
  Temple: 56 daAuts
